 Dungeon Crawl Stone Soup version 0.27.0-1-g7a089689b8 (webtiles) character file.

Game seed: 7513731844448892368

448 freelancePsychic the Skirmisher (level 7, -1/54 HPs)
             Began as a Djinni Fighter on Aug 5, 2021.
             Killed by an exploding shadow imp (7 damage)
             ... ignited by their inner flame
             ... on level 4 of the Dungeon.
             The game lasted 00:05:18 (3888 turns).

freelancePsychic the Skirmisher (Djinni Fighter)    Turns: 3888, Time: 00:05:18

Health: -1/54      AC:  3    Str: 15    XL:     7   Next: 24%
Gold:   105        EV: 11    Int: 12    God:
                   SH:  0    Dex: 12

rFire    + + .     SeeInvis .   c - +1 short sword (drain)
rCold    x . .     Faith    .   (no shield)
rNeg     . . .     Spirit   .   g - +0 leather armour
rPois    ∞         Reflect  .   (no helmet)
rElec    .         Harm     .   (no cloak)
rCorr    .         Rampage  .   (no gloves)
Will     .....                  (boots unavailable)
Stlth    +.........             (no amulet)
HPRegen  0.18/turn              (no ring)
MPRegen  0.00/turn              (no ring)

@: flying
A: sickness immunity, fire resistance 2, cold vulnerability 1, float, innate
caster, hp casting, extra vitality 1
a: no special abilities


You were on level 4 of the Dungeon.
You visited 1 branch of the dungeon, and saw 4 of its levels.

You collected 105 gold pieces.

Inventory:

Hand Weapons
 a - a +0 rapier
 c - a +1 short sword of draining (weapon)
Armour
 b - a +0 scale mail
 g - a +0 leather armour (worn)
Wands
 j - a wand of digging (5)
Scrolls
 f - a scroll of enchant weapon
 h - a scroll of torment
 n - a scroll of immolation
Potions
 d - 3 potions of might
 i - a potion of attraction {unknown}
 k - 3 potions of curing {unknown}
 l - a potion of haste {unknown}
 m - a potion of cancellation {unknown}


   Skills:
 + Level 5.1 Fighting
 - Level 1.7 Short Blades
 - Level 3.0 Armour
 - Level 3.0 Shields
 * Level 4.1 Spellcasting


You had 8 spell levels left.
You knew the following spells:

 Your Spells              Type           Power      Damage    Failure   Level
a - Foxfire               Conj/Fire      48%        2x1d6     4%          1
b - Call Imp              Summ           12%        N/A       8%          2
c - Ignite Poison         Fire/Tmut/Pois 12%        N/A       14%         3
Your spell library was empty.

Dungeon Overview and Level Annotations

Branches:
Dungeon (4/15)             Temple (0/1) D:4

Altars:
Trog

Annotations:
D:3 1 runed translucent door, Crazy Yiuf


Innate Abilities, Weirdness & Mutations

You are immune to sickness and miasma.
You are immune to poison.
Your flesh is very heat resistant. (rF++)
You are vulnerable to cold. (rC-)
You float through the air rather than walking.
You learn spells naturally, not from books.
Your magical power is your life essence.
You have superior vitality. (+4 HP)


Message History

Your foxfire dissipates!
The foxfire hits the iron imp but does no damage.
The iron imp hits you but does no damage.
Casting: Foxfire (safe; 4% risk of failure)
Confirm with . or Enter, or press ? or * to list all spells.
Okay, then.
Really read the scroll of immolation?
As you read the scroll of immolation, it crumbles to dust.
The creatures around you are filled with an inner flame!
The ufetubus hits you.
The ufetubus hits you but does no damage.
Eustachio hits you with a +0 rapier.
* * * LOW HITPOINT WARNING * * *
The ufetubus hits you.
* * * LOW HITPOINT WARNING * * *
The ufetubus hits you but does no damage.
The iron imp hits you but does no damage.
Eustachio closely misses you.
The iron imp disappears for a moment.
The ufetubus hits you.
* * * LOW HITPOINT WARNING * * *
The ufetubus hits you but does no damage.
The shadow imp shouts, "Despond, thou ducking spleeny snake-molt!"
Casting: Foxfire (safe; 4% risk of failure)
Confirm with . or Enter, or press ? or * to list all spells.
You conjure some foxfire!
* * * LOW HITPOINT WARNING * * *
The ufetubus closely misses you.
The ufetubus hits you but does no damage.
The foxfire hits Eustachio.
Flame seeps out of Eustachio.
Eustachio is almost dead.
The ufetubus barely misses you. The ufetubus hits you.
* * * LOW HITPOINT WARNING * * *
The foxfire hits the shadow imp.
The shadow imp explodes!
The fiery explosion engulfs Eustachio!!
The iron imp disappears in a puff of smoke!
The ufetubus disappears in a puff of smoke!
The fiery explosion engulfs you! You resist.
You die...

##...#..##.....##
..#.#...........#
....#..#........#
#....##.........#
...>.....#......###
#....#...........# ####
#....#......§...#.....
#..#...<...§........
#@..##..#..†..○@.......
...............§........
####.....#....§§§.......
#######.....>........
#.....?........
#..............
##.............
##............


There were no monsters in sight!

Vanquished Creatures
  Grinder (D:3)
  Eustachio (D:4)
  A scorpion (D:3)
  A bullfrog skeleton (D:4)
  Jessica (D:2)
  An orc wizard (D:3)
  4 adders
  2 dart slugs
  4 orcs
  An endoplasm (D:2)
  3 giant cockroaches
  7 goblins
  10 hobgoblins
  4 jackals (D:1)
  9 kobolds
  4 quokkas
  7 ball pythons
  10 bats
  3 frilled lizards
  7 rats
81 creatures vanquished.

Vanquished Creatures (others)
  250 foxfires
250 creatures vanquished.

Grand Total: 331 creatures vanquished

Notes
Turn   | Place    | Note
-------+----------+-------------------------------------------
     0 | D:1      | freelancePsychic the Djinni Fighter began the quest for the
                  | Orb.
     0 | D:1      | Reached XP level 1. HP: 20/20 MP: 0/0
   165 | D:1      | Found a faded altar of an unknown god.
   176 | D:1      | Reached XP level 2. HP: 23/25 MP: 0/0
   521 | D:1      | Reached skill level 1 in Spellcasting
   723 | D:1      | You are sucked into a shaft and drop 1 floor!
   854 | D:1      | Reached XP level 3. HP: 27/30 MP: 0/0
   854 | D:1      | Learned a level 1 spell: Foxfire
  1513 | D:2      | Noticed Jessica
  1527 | D:2      | Killed Jessica
  1528 | D:2      | Reached XP level 4. HP: 13/37 MP: 0/0
  2053 | D:2      | Reached skill level 4 in Fighting
  2144 | D:2      | Reached XP level 5. HP: 34/41 MP: 0/0
  2144 | D:2      | Learned a level 2 spell: Call Imp
  2704 | D:3      | Found a runed translucent door.
  2705 | D:3      | Noticed Crazy Yiuf
  2971 | D:3      | Reached XP level 6. HP: 41/48 MP: 0/0
  3262 | D:3      | Noticed Grinder
  3273 | D:3      | Killed Grinder
  3274 | D:3      | Reached skill level 5 in Fighting
  3274 | D:3      | Reached XP level 7. HP: 44/54 MP: 0/0
  3274 | D:3      | Learned a level 3 spell: Ignite Poison
  3482 | D:3      | Found a bloodstained altar of Trog.
  3865 | D:4      | Found a staircase to the Ecumenical Temple.
  3866 | D:4      | Noticed Eustachio
  3888 | D:4      | Killed Eustachio
  3888 | D:4      | Killed by an exploding shadow imp... ignited by their inner
                  | flame

Illustrated notes

Levels and vault maps discovered:
D:1:      grunt_arrival_lava_bath, layout_basic,
          shapermc_ecumenical_altar_starsandcircs, minmay_pentomino_s2
D:2:      layout_basic, st_stairs_13, uniq_jessica
D:3:      layout_loops_ring, mainiacjoe_overflow_six_doors_small,
          kennysheep_crisscross, bh_walls_and_bars, uniq_crazy_yiuf_cottage,
          uniq_grinder
D:4:      cheibrodos_pilgrimage, layout_rooms, cheibrodos_worm_habitat,
          minmay_temple_entry_mini_moons, minmay_cut_off, uniq_eustachio

Skill      XL: |  1  2  3  4  5  6 |
---------------+-------------------+-----
Spellcasting   | 1 2 3 4 |  4.1
Fighting       | 4 5 |  5.1
Short Blades   | |  1.7
Armour         | |  3.0
Shields        | |  3.0

Action                   |  1- 3 |  4- 6 |  7- 9 || total
-------------------------+-------+-------+-------++-------
Melee: Rapier            |    83 |       |       ||    83
       Short sword       |     9 |    19 |     7 ||    35
 Cast: Foxfire           |    26 |    85 |    27 ||   138
  Use: Scroll            |       |     2 |     3 ||     5
 Stab: Sleeping          |     1 |     1 |       ||     2
Armor: Scale mail        |    33 |       |       ||    33
       Leather armour    |       |     5 |     9 ||    14
Dodge: Dodged            |    63 |    19 |    10 ||    92
